[Event "Titled Tuesday Blitz May 9 Late 2023"]
[White "Martinez Alcantara, Jose Eduardo"]
[Black "Ibarra Jerez, Jose Carlos"]
[WhiteFideId "3805662"]
[BlackFideId "2226332"]
[WhiteElo "2711"]
[BlackElo "2638"]
[Result "1/2-1/2"]
[Round "06"]
[TimeControl "180+2"]
[Date "2023.05.09"]
[WhiteClock "0:01:23"]
[BlackClock "0:01:38"]

1. e4 c5 2. Nf3 Nc6 3. Bb5 e6 4. O-O Nge7 5. Re1 Nd4 6. Nxd4 cxd4 7. d3 a6 8. Ba4 b5 9. Bb3 Nc6 10. Nd2 Be7 11. Qg4 O-O 12. Nf3 d6 13. Bd2 e5 14. Qg3 Be6 15. c3 dxc3 16. bxc3 Qd7 17. d4 Na5 18. Rab1 Nxb3 19. axb3 f6 20. h3 1/2-1/2


[Site "https://www.chess.com"]

[Event "Titled Tuesday Blitz May 9 Late 2023"]
[White "Yoo, Christopher Woojin"]
[Black "Paravyan, David"]
[WhiteFideId "30909694"]
[BlackFideId "4194985"]
[WhiteElo "2519"]
[BlackElo "2563"]
[Result "1-0"]
[Round "06"]
[TimeControl "180+2"]
[Date "2023.05.09"]
[WhiteClock "0:00:25"]
[BlackClock "0:00:01"]

1. Nf3 Nf6 2. c4 c5 3. b3 d5 4. cxd5 Nxd5 5. Bb2 Nc6 6. Nc3 Nxc3 7. Bxc3 f6 8. e3 e5 9. d4 cxd4 10. exd4 exd4 11. Nxd4 Nxd4 12. Qxd4 Qxd4 13. Bxd4 Bb4+ 14. Ke2 O-O 15. Kf3 Be6 16. Rc1 Rfd8 17. Bc4 Bxc4 18. Rxc4 Bd6 19. Be3 a6 20. Bb6 Rdc8 21. Rd1 Rxc4 22. bxc4 Bf8 23. c5 Rc8 24. g4 g6 25. h4 Rc6 26. Rd8 Kf7 27. Rd7+ Kg8 28. Rd5 Kf7 29. Ke4 Ke8 30. Rd8+ Kf7 31. Kd5 f5 32. Rd7+ Be7 33. Rxb7 Rc8 34. c6 fxg4 35. Bc5 Rd8+ 36. Kc4 Re8 37. Bxe7 1-0


[Site "https://www.chess.com"]

[Event "Titled Tuesday Blitz May 9 Late 2023"]
[White "Livaic, Leon"]
[Black "Andreikin, Dmitry"]
[WhiteFideId "14531534"]
[BlackFideId "4158814"]
[WhiteElo "2522"]
[BlackElo "2736"]
[Result "0-1"]
[Round "06"]
[TimeControl "180+2"]
[Date "2023.05.09"]
[WhiteClock "0:00:00"]
[BlackClock "0:01:02"]

1. d4 d5 2. c4 c6 3. cxd5 cxd5 4. Bf4 Nc6 5. e3 Nf6 6. Nc3 a6 7. Be2 Bf5 8. Nf3 e6 9. Qb3 Bb4 10. O-O O-O 11. Ne5 Bd6 12. Nxc6 bxc6 13. Bxd6 Qxd6 14. Na4 Rfb8 15. Qd1 e5 16. dxe5 Qxe5 17. Rc1 Rb4 18. b3 Rh4 19. g3 Ng4 20. Qd4 Rh6 21. Bxg4 Qxd4 22. exd4 Bxg4 23. f3 Bh3 24. Rfe1 Kf8 25. Kf2 a5 26. g4 f5 27. Kg3 Kg8 28. Re5 Rf8 29. Rce1 fxg4 30. fxg4 Bf1 31. h4 Rhf6 32. R1e3 Rf2 33. h5 Rg2+ 34. Kh4 Rh2+ 0-1


[Site "https://www.chess.com"]

[Event "Titled Tuesday Blitz May 9 Late 2023"]
[White "Terry, Renato"]
[Black "Mekhitarian, Krikor Sevag"]
[WhiteFideId "3803457"]
[BlackFideId "2107660"]
[WhiteElo "2575"]
[BlackElo "2604"]
[Result "0-1"]
[Round "06"]
[TimeControl "180+2"]
[Date "2023.05.09"]
[WhiteClock "0:00:00"]
[BlackClock "0:00:02"]

1. Nf3 d5 2. e3 Nf6 3. b4 g6 4. Bb2 Bg7 5. Be2 O-O 6. O-O c6 7. c4 a5 8. a3 axb4 9. axb4 Rxa1 10. Bxa1 Na6 11. b5 Nc5 12. bxc6 bxc6 13. Qc2 Bf5 14. Qc3 Nce4 15. Qc1 Qa8 16. Nc3 Nxc3 17. Bxc3 Rd8 18. Qb2 Rb8 19. Qa1 Qxa1 20. Rxa1 Bg4 21. h3 Bxf3 22. Bxf3 e6 23. Ra6 Rc8 24. c5 Nd7 25. Bxg7 Kxg7 26. d4 Rc7 27. Bd1 e5 28. Ba4 exd4 29. exd4 Nb8 30. Rb6 Ra7 31. Bc2 Ra1+ 32. Kh2 Ra2 33. Bb3 Ra8 34. h4 Kf8 35. f3 Ke7 36. Kg3 Kd8 37. Kf4 f6 38. Bc2 Kc7 39. Rb2 Nd7 40. Bd3 Nf8 41. Re2 Kd7 42. Rb2 Ne6+ 43. Ke3 Kc7 44. Rb4 Ra3 45. g3 f5 46. f4 Ng7 47. Rb1 Nh5 48. Rg1 Nf6 49. Rc1 Ng4+ 50. Ke2 Ra2+ 51. Rc2 Ra4 52. Rb2 Nf6 53. Ke3 Ra3 54. Rb1 h5 55. Rb2 Ne4 56. Rg2 Nf6 57. Rb2 Ng4+ 58. Ke2 Ra4 59. Rb3 Ra2+ 60. Ke1 Ne3 61. Bb1 Ng2+ 62. Kf1 Rd2 63. Bd3 Ne3+ 64. Ke1 Rh2 65. Ba6 Nc2+ 66. Kf1 Nxd4 67. Rb7+ Kd8 68. Rg7 Ra2 69. Bd3 Ra3 70. Bb1 Rxg3 0-1


[Site "https://www.chess.com"]

[Event "Titled Tuesday Blitz May 9 Late 2023"]
[White "Krzyzanowski, Marcin"]
[Black "Rasulov, Vugar"]
[WhiteFideId "1132199"]
[BlackFideId "13402390"]
[WhiteElo "2471"]
[BlackElo "2509"]
[Result "1-0"]
[Round "06"]
[TimeControl "180+2"]
[Date "2023.05.09"]
[WhiteClock "0:01:13"]
[BlackClock "0:00:15"]

1. Nf3 Nf6 2. d4 d5 3. g3 Bf5 4. Bg2 c6 5. O-O h6 6. c4 e6 7. Nc3 Nbd7 8. b3 Bb4 9. Bb2 O-O 10. Rc1 Ne4 11. Nh4 Bxc3 12. Bxc3 Nxc3 13. Rxc3 Bh7 14. Nf3 Qa5 15. Qd2 Nf6 16. Rcc1 Qa3 17. Ne5 a5 18. cxd5 exd5 19. g4 Rfe8 20. h4 Ne4 21. Bxe4 Bxe4 22. f3 Bh7 23. g5 hxg5 24. hxg5 Bf5 25. Kf2 c5 26. Qf4 Bg6 27. Rh1 Qb2 28. Rxc5 a4 29. Qh4 Kf8 30. Rc7 Bh5 31. Qxh5 Qxd4+ 32. Kg2 Qxe5 33. Qxf7# 1-0


[Site "https://www.chess.com"]

[Event "Titled Tuesday Blitz May 9 Late 2023"]
[White "Pranav, V"]
[Black "Holt, Conrad"]
[WhiteFideId "25060783"]
[BlackFideId "2034387"]
[WhiteElo "2515"]
[BlackElo "2592"]
[Result "1-0"]
[Round "06"]
[TimeControl "180+2"]
[Date "2023.05.09"]
[WhiteClock "0:00:08"]
[BlackClock "0:00:00"]

1. e4 e6 2. d3 d5 3. Nd2 Bd6 4. Ngf3 c5 5. g3 Nc6 6. Bg2 Nge7 7. O-O O-O 8. Re1 Qc7 9. Qe2 f6 10. c3 Bd7 11. Nf1 d4 12. cxd4 cxd4 13. Bd2 Qb6 14. Reb1 a5 15. Be1 Qa6 16. N1d2 b5 17. a4 bxa4 18. Nc4 Bb4 19. e5 Qb5 20. exf6 gxf6 21. Na3 Qb8 22. Nc2 e5 23. Rxa4 Qb5 24. Raa1 Bf5 25. Rd1 Bxe1 26. Ncxe1 Rab8 27. Nh4 Be6 28. Rdc1 f5 29. Bxc6 Nxc6 30. Nef3 Bd5 31. Ng5 Qxb2 32. Qh5 Rb7 33. Qh6 Qb6 34. Ngf3 Nb4 35. Qxb6 Rxb6 36. Nxe5 Re6 37. f4 Ra6 38. Rc5 a4 39. Rb5 Nc2 40. Rc1 Bb3 41. Nd7 Rf7 42. Nc5 Rc6 43. Nxb3 axb3 44. Rxb3 Rfc7 45. Nxf5 Kf8 46. Rb8+ Kf7 47. Kf2 Ke6 48. Nh4 1-0


[Site "https://www.chess.com"]

[Event "Titled Tuesday Blitz May 9 Late 2023"]
[White "Makarian, Rudik"]
[Black "Klukin, Kirill"]
[WhiteFideId "44105681"]
[BlackFideId "24199273"]
[WhiteElo "2461"]
[BlackElo "2344"]
[Result "1/2-1/2"]
[Round "06"]
[TimeControl "180+2"]
[Date "2023.05.09"]
[WhiteClock "0:00:10"]
[BlackClock "0:00:12"]

1. d4 Nf6 2. c4 Nc6 3. Nf3 e6 4. g3 Bb4+ 5. Bd2 Qe7 6. Nc3 O-O 7. Bg2 Bxc3 8. Bxc3 Ne4 9. Rc1 Nxc3 10. Rxc3 d6 11. d5 Nb8 12. dxe6 fxe6 13. O-O Nd7 14. b4 a5 15. a3 axb4 16. axb4 Nf6 17. Qc2 e5 18. c5 d5 19. Qb2 Bg4 20. Ra3 Bxf3 21. Rxa8 Rxa8 22. exf3 c6 23. Re1 Re8 24. h4 Qc7 25. b5 Nd7 26. Qb4 Ra8 27. Bh3 Nf6 28. b6 Qe7 29. g4 h6 30. g5 hxg5 31. hxg5 Nh7 32. f4 e4 33. Qd4 Nf8 34. f3 Ng6 35. Qe3 Ra4 36. Bc8 Nh4 37. Bg4 Qf7 38. Kh2 Ra2+ 39. Kg3 Ng2 40. Qc1 Nxe1 41. Qxe1 Ra3 42. Qb4 Ra8 43. fxe4 dxe4 44. Qxe4 Re8 45. Qd3 Qe7 46. Qf3 Qe3 47. Qxe3 Rxe3+ 48. Kh4 Rc3 49. Bc8 Rxc5 50. Bxb7 Rc1 51. Bc8 c5 52. Be6+ Kf8 53. b7 Rb1 54. Bd5 Ke7 55. f5 c4 56. Bxc4 Rxb7 57. Kh5 Kf8 58. Kg6 Rb6+ 59. f6 gxf6 60. gxf6 Rb4 61. Be6 Rb2 62. Kf5 Rf2+ 63. Ke5 Re2+ 64. Kf5 Rf2+ 65. Ke5 Ke8 66. Bd5 Re2+ 67. Kd6 Kf8 68. Be6 Re1 69. Kd5 Re3 70. Kd6 Rg3 71. Ke5 Rg5+ 72. Kf4 Rc5 73. Ke4 Ke8 74. Kf4 Ra5 75. Ke4 Kd8 76. Kf4 Kc7 77. f7 Ra8 78. Ke5 Rf8 79. Kf6 Kd6 80. Bb3 Rxf7+ 81. Bxf7 1/2-1/2


[Site "https://www.chess.com"]

[Event "Titled Tuesday Blitz May 9 Late 2023"]
[White "Schmakel, Sam"]
[Black "Ibrahimli, Murad"]
[WhiteFideId "2039311"]
[BlackFideId "13410229"]
[WhiteElo "2356"]
[BlackElo "2364"]
[Result "1-0"]
[Round "06"]
[TimeControl "180+2"]
[Date "2023.05.09"]
[WhiteClock "0:00:23"]
[BlackClock "0:00:18"]

1. d4 Nf6 2. c4 g6 3. Nc3 Bg7 4. e4 d6 5. h3 Nc6 6. d5 Ne5 7. f4 Ned7 8. Be3 c6 9. Nf3 O-O 10. Be2 cxd5 11. cxd5 Nh5 12. Kf2 Nc5 13. e5 f5 14. Bxc5 dxc5 15. g3 Qb6 16. Qb3 Kh8 17. Rhd1 Qa5 18. d6 exd6 19. Rxd6 Bh6 20. Rad1 Ng7 21. h4 a6 22. Ng5 Bxg5 23. hxg5 b5 24. Qd5 Be6 25. Rxe6 b4 26. Rxg6 bxc3 27. Rh6 Rad8 28. Rxh7+ Kxh7 29. Rh1+ Nh5 30. Rxh5+ Kg7 31. Qb7+ Rf7 32. Rh7+ Kxh7 33. Qxf7+ Kh8 34. g6 1-0


[Site "https://www.chess.com"]

[Event "Titled Tuesday Blitz May 9 Late 2023"]
[White "Prohaszka, Peter"]
[Black "Zhigalko, Sergei"]
[WhiteFideId "726265"]
[BlackFideId "13502956"]
[WhiteElo "2626"]
[BlackElo "2626"]
[Result "0-1"]
[Round "06"]
[TimeControl "180+2"]
[Date "2023.05.09"]
[WhiteClock "0:00:16"]
[BlackClock "0:00:15"]

1. d4 Nf6 2. Nf3 e6 3. Bf4 b6 4. e3 Nh5 5. Bg5 Be7 6. Bxe7 Qxe7 7. Nfd2 Nf6 8. Be2 O-O 9. Bf3 d5 10. O-O Bb7 11. c4 Nbd7 12. Nc3 c6 13. e4 dxc4 14. e5 Nd5 15. Nxc4 Ba6 16. Qa4 Nb4 17. Qb3 Rad8 18. Rfd1 c5 19. Nd6 Bd3 20. Rd2 Bc2 21. Qa3 a5 22. Nb7 Qg5 23. Re2 Rb8 24. dxc5 Bd3 25. c6 Bxe2 26. Nxe2 Nc2 27. Qd6 Nxe5 28. Be4 Nxa1 29. c7 Rbc8 30. f4 Qg4 31. Qxe5 Nc2 32. h3 Qh4 33. Bxc2 h6 34. Kh2 g6 35. Bd3 Qe7 36. Nd6 Rxc7 37. Ne4 f6 38. Qb5 e5 39. fxe5 Qxe5+ 40. Qxe5 fxe5 41. Kg3 Rd8 42. Bb1 Kg7 43. N4c3 Rcd7 44. a4 Rd2 45. b3 Rb2 46. Be4 Rdd2 47. Bf3 Rxb3 48. Nb5 Rxe2 49. Nd6 e4 50. Kf4 exf3 51. gxf3 Rf2 52. h4 Rfxf3+ 53. Ke4 Rfe3+ 54. Kd5 Red3+ 55. Kc6 Rxd6+ 56. Kb7 b5 57. h5 bxa4+ 58. Kc7 Re6 59. Kd7 Rbb6 60. hxg6 Rxg6 61. Kc7 h5 62. Kd8 h4 63. Ke7 h3 64. Kd7 a3 65. Ke8 a2 66. Ke7 a4 67. Kd8 a3 68. Kc7 h2 69. Kd7 Rbf6 70. Kd8 Rf7 71. Kc8 Kf8 72. Kd8 Rg8 73. Kc8 Kg7# 0-1


[Site "https://www.chess.com"]

[Event "Titled Tuesday Blitz May 9 Late 2023"]
[White "Chigaev, Maksim"]
[Black "Lavrik, Dmitry"]
[WhiteFideId "4108116"]
[BlackFideId "24113190"]
[WhiteElo "2558"]
[BlackElo "2345"]
[Result "1-0"]
[Round "06"]
[TimeControl "180+2"]
[Date "2023.05.09"]
[WhiteClock "0:00:04"]
[BlackClock "0:00:01"]

1. c4 c5 2. Nf3 g6 3. d4 cxd4 4. Nxd4 Nc6 5. e4 Nf6 6. Nc3 Nxd4 7. Qxd4 d6 8. Be3 Bg7 9. Qd2 O-O 10. Be2 a5 11. h4 h5 12. O-O a4 13. Bh6 Qa5 14. Bxg7 Kxg7 15. Rfd1 Be6 16. Rab1 Rfc8 17. b3 axb3 18. axb3 Qb4 19. Qb2 Qa3 20. Qc2 Qb4 21. Bd3 Nd7 22. Nb5 f6 23. Kh1 Bf7 24. f4 Ra5 25. Nc3 Nb6 26. Rdc1 Rca8 27. Qb2 Ra3 28. e5 dxe5 29. fxe5 Qc5 30. Re1 Qd4 31. Be4 Qxe5 32. Bxb7 Qg3 33. Bxa8 Qxh4+ 34. Kg1 Rxa8 35. Ne4 Nd7 36. Qf2 Qg4 37. Qg3 Qf5 38. Nf2 Ne5 39. c5 g5 40. Rxe5 fxe5 41. Re1 e4 42. Nxe4 Bg6 43. Nxg5 Qxc5+ 44. Kh1 Qb4 45. Rf1 Rf8 46. Qe5+ Rf6 47. Re1 Qh4+ 48. Kg1 Kh6 49. Nf3 Qb4 50. Qe3+ Qf4 51. Qxe7 h4 52. Qe5 h3 53. Qxf4+ Rxf4 54. Re3 hxg2 55. Kxg2 Be4 56. Kg3 Bxf3 57. Rxf3 Rb4 58. Kf2 Kg6 59. Ke2 Rb7 60. Kd2 Rd7+ 61. Kc3 Rc7+ 62. Kd4 Kg5 63. b4 Kg4 64. Rf2 1-0


[Site "https://www.chess.com"]

[Event "Titled Tuesday Blitz May 9 Late 2023"]
[White "Tari, Aryan"]
[Black "Timmermans, Mark"]
[WhiteFideId "1510045"]
[BlackFideId "1026399"]
[WhiteElo "2571"]
[BlackElo "2460"]
[Result "0-1"]
[Round "06"]
[TimeControl "180+2"]
[Date "2023.05.09"]
[WhiteClock "0:00:12"]
[BlackClock "0:00:23"]

1. d4 Nf6 2. Nf3 e6 3. Bf4 d5 4. e3 Bd6 5. Ne5 O-O 6. Nd2 c5 7. c3 Nc6 8. Ndf3 Qc7 9. Bd3 cxd4 10. exd4 Ne4 11. Bg3 f6 12. Nxc6 bxc6 13. Qe2 f5 14. Bxd6 Qxd6 15. Ne5 a5 16. f3 Ng5 17. O-O Nf7 18. Nxf7 Rxf7 19. Rae1 c5 20. Qf2 c4 21. Bb1 a4 22. a3 Rb8 23. Re2 Rfb7 24. Rfe1 g6 25. h4 Bd7 26. h5 Kf7 27. Qh4 Qe7 28. hxg6+ hxg6 29. Qh7+ Kf6 30. Qh4+ Kf7 31. Qf2 Rh8 32. Qg3 Qh4 33. Qxh4 Rxh4 34. Kf2 Rb8 35. Kg3 Rbh8 36. Bc2 Kf6 37. Bxa4 Bxa4 38. Rxe6+ Kg5 39. Rd6 f4+ 40. Kf2 Bc2 41. Rxd5+ Bf5 42. Rc5 Rb8 43. Re2 Rh1 44. Rxc4 Bd3 45. Rc5+ Kh6 46. b4 Bxe2 47. Kxe2 Ra1 48. Ra5 Ra2+ 49. Kd3 Re8 50. d5 Rxg2 51. d6 Re3+ 52. Kc4 Rd2 53. Rd5 Rxd5 54. Kxd5 Rxf3 55. c4 Rd3+ 56. Ke4 Rxd6 57. Kxf4 Rd4+ 58. Ke5 Rxc4 59. Kd5 Rc3 60. a4 g5 61. a5 g4 62. a6 g3 0-1


[Site "https://www.chess.com"]

[Event "Titled Tuesday Blitz May 9 Late 2023"]
[White "Kamsky, Gata"]
[Black "Wieczorek, Oskar"]
[WhiteFideId "2000024"]
[BlackFideId "1133950"]
[WhiteElo "2660"]
[BlackElo "2418"]
[Result "1/2-1/2"]
[Round "06"]
[TimeControl "180+2"]
[Date "2023.05.09"]
[WhiteClock "0:00:15"]
[BlackClock "0:00:05"]

1. e4 c5 2. Nc3 e6 3. Nf3 d6 4. Bc4 a5 5. a4 Nc6 6. d3 Nf6 7. O-O Be7 8. Re1 O-O 9. h3 Nb4 10. Bb3 d5 11. e5 Nd7 12. Nb5 Nb6 13. c3 Nxd3 14. Qxd3 c4 15. Qd1 cxb3 16. Qxb3 Nc4 17. Nbd4 Bd7 18. Qc2 Qc7 19. b3 Nb6 20. Bg5 Bc6 21. Bxe7 Qxe7 22. Re3 Rac8 23. h4 Nd7 24. Ng5 g6 25. Rae1 Nc5 26. Rh3 h6 27. Ngf3 Ne4 28. Qc1 Kh7 29. Nh2 f5 30. exf6 Qxf6 31. f3 Nc5 32. Ng4 Qf4 33. Qxf4 Rxf4 34. Nxe6 Re8 35. Ng5+ hxg5 36. Rxe8 Bxe8 37. hxg5+ Kg7 38. Nf6 Rxf6 39. gxf6+ Kxf6 40. Rh8 Ke7 41. b4 axb4 42. cxb4 Nxa4 43. Rh7+ Bf7 44. Kf2 d4 45. Ke2 Nb2 46. Kd2 g5 47. Kc2 Nc4 48. Kd3 Ne3 49. g4 Nd5 50. Kxd4 Nxb4 51. Rh8 Nc6+ 52. Ke4 Kf6 53. Rc8 Bg6+ 54. Ke3 Bf7 55. Rc7 Na5 56. Kd4 Nc6+ 57. Ke3 Nd8 58. Rd7 Ne6 59. Rxb7 Nc5 60. Rb5 Ne6 61. Rb6 Bg6 62. Ra6 Ke5 63. Ra5+ Kf6 64. Ra6 Ke5 65. Ra5+ Kf6 66. Ra6 1/2-1/2


[Site "https://www.chess.com"]

[Event "Titled Tuesday Blitz May 9 Late 2023"]
[White "Salinas Herrera, Pablo"]
[Black "Jaracz, Pawel"]
[WhiteFideId "3407128"]
[BlackFideId "1102222"]
[WhiteElo "2546"]
[BlackElo "2438"]
[Result "1-0"]
[Round "06"]
[TimeControl "180+2"]
[Date "2023.05.09"]
[WhiteClock "0:00:14"]
[BlackClock "0:00:01"]

1. e4 c6 2. Nf3 d5 3. Nc3 Bg4 4. h3 Bxf3 5. Qxf3 Nf6 6. g3 e6 7. Bg2 Bb4 8. exd5 cxd5 9. O-O Nc6 10. Ne2 O-O 11. d4 b5 12. a4 a6 13. c3 Be7 14. Rd1 Nd7 15. Nf4 Nb6 16. axb5 axb5 17. Rxa8 Qxa8 18. Nh5 Qd8 19. h4 Nc4 20. Bf1 Nd6 21. Nf4 Na5 22. Nd3 Nac4 23. Qe2 Ne4 24. Bg2 Ncd6 25. Ne5 Qc7 26. Bf4 Qb7 27. h5 h6 28. Nd3 Rc8 29. Ra1 Ra8 30. Rxa8+ Qxa8 31. Nc5 Qa1+ 32. Kh2 Nf6 33. Bf3 Kf8 34. Kg2 Nf5 35. Qxb5 Kg8 36. Qb8+ Kh7 37. Qb3 Bxc5 38. dxc5 Ne4 39. Bxe4 dxe4 40. Qc2 Qe1 41. c6 e5 42. Bxe5 e3 43. Qxf5+ 1-0


[Site "https://www.chess.com"]

[Event "Titled Tuesday Blitz May 9 Late 2023"]
[White "Bachmann, Axel"]
[Black "Hjartarson, Johann"]
[WhiteFideId "3700488"]
[BlackFideId "2300044"]
[WhiteElo "2605"]
[BlackElo "2407"]
[Result "0-1"]
[Round "06"]
[TimeControl "180+2"]
[Date "2023.05.09"]
[WhiteClock "0:00:00"]
[BlackClock "0:01:43"]

1. Nf3 Nf6 2. c4 b6 3. Nc3 c5 4. d4 cxd4 5. Nxd4 Bb7 6. f3 d6 7. e4 Nbd7 8. Be3 g6 9. Be2 Bg7 10. O-O O-O 11. Qd2 Re8 12. Bh6 Bh8 13. Rfd1 a6 14. Rac1 Rc8 15. Bf1 Nc5 16. b4 Ncd7 17. Nd5 e6 18. Ne3 Ne5 19. Nb3 d5 20. cxd5 Rxc1 21. Qxc1 exd5 22. exd5 Nxd5 23. Nxd5 Bxd5 24. Qd2 Qh4 25. Bg5 Qh5 0-1


[Site "https://www.chess.com"]

[Event "Titled Tuesday Blitz May 9 Late 2023"]
[White "Xiong, Jeffery"]
[Black "benny_aizenberg"]
[WhiteFideId "2047640"]
[WhiteElo "2726"]
[BlackElo "2654"]
[Result "1-0"]
[Round "06"]
[TimeControl "180+2"]
[Date "2023.05.09"]
[WhiteClock "0:01:16"]
[BlackClock "0:00:00"]

1. e4 c5 2. Nf3 d6 3. Nc3 Nf6 4. d4 cxd4 5. Qxd4 Nc6 6. Qd3 g6 7. Nd5 Bg7 8. c3 O-O 9. Bg5 Bg4 10. Be2 Bxf3 11. Qxf3 Ne5 12. Qe3 e6 13. Nxf6+ Bxf6 14. Bh6 Bg7 15. Bxg7 Kxg7 16. f4 Nc6 17. O-O Qb6 18. Qxb6 axb6 19. Rfd1 Rfd8 20. Kf2 Kf6 21. Ke3 Ke7 22. a3 Na5 23. Rab1 Nb3 24. Bc4 Nc5 25. Rd4 f5 26. exf5 gxf5 27. Be2 d5 28. Rb4 Rd6 29. Re1 Kf6 30. h3 Rg8 31. g4 Ne4 32. g5+ Ke7 33. h4 Rc6 34. h5 e5 35. Rg1 Ke6 36. Bd1 Rc7 37. Rxb6+ Nd6 38. Bb3 Rc6 39. Rb4 b5 40. Kf3 e4+ 41. Ke3 Nc4+ 42. Bxc4 bxc4 43. a4 Ra6 44. Ra1 Rga8 45. Kd4 Kd6 46. Rb5 Ra5 47. Rb6+ Kc7 48. Rh6 Re8 49. Rxh7+ Kc6 50. Rh6+ Kc7 51. Re1 Rb8 52. Re2 Rxa4 53. Rf6 Rb5 54. Rxf5 Ra1 55. h6 Kd6 56. Rf6+ Ke7 57. h7 Rd1+ 58. Ke5 Rh1 59. Rh6 Rxh6 60. gxh6 1-0


[Site "https://www.chess.com"]

[Event "Titled Tuesday Blitz May 9 Late 2023"]
[White "Annaberdiyev, Meylis"]
[Black "Kobo, Ori"]
[WhiteFideId "14000563"]
[BlackFideId "2812320"]
[WhiteElo "2416"]
[BlackElo "2454"]
[Result "1-0"]
[Round "06"]
[TimeControl "180+2"]
[Date "2023.05.09"]
[WhiteClock "0:01:26"]
[BlackClock "0:00:05"]

1. e4 c5 2. Nf3 d6 3. d4 cxd4 4. Qxd4 Nf6 5. e5 Nc6 6. Bb5 Qa5+ 7. Nc3 Qxb5 8. Nxb5 Nxd4 9. Nbxd4 dxe5 10. Nxe5 a6 11. Bd2 e6 12. O-O-O Be7 13. a3 O-O 14. Bb4 Bxb4 15. axb4 Nd5 16. c3 f6 17. Nd3 e5 18. Nb3 Nc7 19. Ndc5 Ne6 20. Rd6 Nxc5 21. Nxc5 b5 22. Rhd1 a5 23. bxa5 Rxa5 24. Kc2 b4 25. cxb4 Rb5 26. Kc3 Bf5 27. Rd8 Rxd8 28. Rxd8+ Kf7 29. Kc4 Rb6 30. b5 Ke7 31. Ra8 Rd6 32. Ra7+ Kf8 33. b4 h5 34. h4 g5 35. Ra6 Rd4+ 36. Kc3 Kf7 37. b6 Bc8 38. Ra8 1-0


[Site "https://www.chess.com"]

[Event "Titled Tuesday Blitz May 9 Late 2023"]
[White "Rodriguez Fontecha, Marcos"]
[Black "Sattarov, Bobir"]
[WhiteFideId "2256576"]
[BlackFideId "14203081"]
[WhiteElo "2249"]
[BlackElo "2351"]
[Result "0-1"]
[Round "06"]
[TimeControl "180+2"]
[Date "2023.05.09"]
[WhiteClock "0:00:05"]
[BlackClock "0:00:29"]

1. d4 Nf6 2. Nf3 d5 3. g3 c5 4. Bg2 Nc6 5. O-O e6 6. b3 Be7 7. Bb2 O-O 8. a3 b6 9. e3 Ba6 10. Re1 Rc8 11. Nbd2 Qc7 12. c3 Rfd8 13. Qc2 h6 14. Rad1 Qb8 15. Qb1 Bf8 16. Rc1 b5 17. Qa1 c4 18. Bf1 cxb3 19. a4 Qb6 20. Nxb3 bxa4 21. Nc5 Bxf1 22. Nxa4 Qb5 23. Rxf1 Ne4 24. Rb1 Na5 25. Bc1 Qe2 26. Kg2 Nc4 27. Rb3 Rb8 28. Qb1 Rxb3 29. Qxb3 Qxf3+ 30. Kxf3 Ncd2+ 31. Bxd2 Nxd2+ 32. Ke2 Nxb3 33. Rb1 Rb8 34. Kd1 Rb7 35. Kc2 Na5 36. Ra1 Nc4 37. Ra2 a5 0-1


[Site "https://www.chess.com"]

[Event "Titled Tuesday Blitz May 9 Late 2023"]
[White "Remizov, Yaroslav"]
[Black "Mazurkiewicz, Michal"]
[WhiteFideId "34134015"]
[BlackFideId "1124943"]
[WhiteElo "2400"]
[BlackElo "2054"]
[Result "0-1"]
[Round "06"]
[TimeControl "180+2"]
[Date "2023.05.09"]
[WhiteClock "0:00:00"]
[BlackClock "0:00:06"]

1. e4 d6 2. d4 Nf6 3. Nc3 c6 4. Nf3 Bg4 5. h3 Bh5 6. g4 Bg6 7. Bd3 e6 8. g5 Nfd7 9. Bf4 d5 10. Qe2 Bb4 11. O-O O-O 12. h4 Bxc3 13. bxc3 dxe4 14. Bxe4 Bxe4 15. Qxe4 Nb6 16. Ne5 N8d7 17. Nd3 Nd5 18. Bd2 b5 19. a4 a6 20. h5 N7b6 21. axb5 cxb5 22. Ne5 Nc4 23. Nxc4 bxc4 24. Kh1 Qe8 25. h6 g6 26. Rfe1 Qc6 27. Kg1 a5 28. Qe5 f6 29. Qxe6+ Qxe6 30. Rxe6 fxg5 31. Re5 Rf5 32. Rxf5 gxf5 33. Bxg5 a4 34. Bd2 a3 35. Kf1 a2 36. Ke2 Kf7 37. Kd1 Kg6 0-1


[Site "https://www.chess.com"]

[Event "Titled Tuesday Blitz May 9 Late 2023"]
[White "Grigorov, Grigor"]
[Black "Fernandez Guillen, Ernesto J."]
[WhiteFideId "2907313"]
[BlackFideId "3512428"]
[WhiteElo "2510"]
[BlackElo "2429"]
[Result "0-1"]
[Round "06"]
[TimeControl "180+2"]
[Date "2023.05.09"]
[WhiteClock "0:00:01"]
[BlackClock "0:00:25"]

1. d4 Nf6 2. Nf3 g6 3. Bg5 Bg7 4. Nbd2 d5 5. e3 O-O 6. Be2 b6 7. O-O Bb7 8. c3 Nbd7 9. b4 c5 10. bxc5 bxc5 11. Qa4 h6 12. Bh4 cxd4 13. cxd4 Nb6 14. Qa3 g5 15. Bg3 Ne4 16. Nxe4 dxe4 17. Ne5 f5 18. f4 exf3 19. Bxf3 Bxf3 20. Nxf3 Qd5 21. Rac1 Nc4 22. Qb3 Rac8 23. Be5 Nb6 24. Qa3 Nc4 25. Qxe7 Bxe5 26. dxe5 Nxe3 27. Rxc8 Rxc8 28. e6 Rf8 29. Re1 f4 30. Qd7 Qxa2 31. Rxe3 fxe3 32. h4 Qf2+ 33. Kh2 Rxf3 34. e7 Qg3+ 35. Kg1 Rf1+ 36. Kxf1 Qf2# 0-1


[Site "https://www.chess.com"]

[Event "Titled Tuesday Blitz May 9 Late 2023"]
[White "Malicka, Maria"]
[Black "Naroditsky, Daniel"]
[WhiteFideId "1197576"]
[BlackFideId "2026961"]
[WhiteElo "2227"]
[BlackElo "2633"]
[Result "0-1"]
[Round "06"]
[TimeControl "180+2"]
[Date "2023.05.09"]
[WhiteClock "0:00:32"]
[BlackClock "0:00:43"]

1. e4 c5 2. Nf3 d6 3. d4 cxd4 4. Nxd4 Nf6 5. Nc3 a6 6. h4 Nc6 7. Nxc6 bxc6 8. e5 dxe5 9. Qxd8+ Kxd8 10. Bc4 e6 11. Be3 Nd5 12. O-O-O Kc7 13. Bd2 f6 14. Ne4 a5 15. Rhe1 Be7 16. g3 a4 17. a3 Rd8 18. Kb1 h6 19. Ka2 f5 20. Nc3 Bf6 21. Bf1 e4 22. Nxd5+ exd5 23. Bf4+ Kb6 24. Rb1 Be6 25. Ka1 g5 26. hxg5 hxg5 27. Bd2 c5 28. f3 g4 29. fxe4 dxe4 30. Bf4 Kc6 31. c3 Bb3 32. Be2 Rh8 33. Rf1 Rh2 34. Bd1 Bxc3 35. Bxb3 axb3 0-1


[Site "https://www.chess.com"]

[Event "Titled Tuesday Blitz May 9 Late 2023"]
[White "Itkis, Boris"]
[Black "Bortnyk, Olexandr"]
[WhiteFideId "1209167"]
[BlackFideId "14120828"]
[WhiteElo "2216"]
[BlackElo "2734"]
[Result "0-1"]
[Round "06"]
[TimeControl "180+2"]
[Date "2023.05.09"]
[WhiteClock "0:00:46"]
[BlackClock "0:02:04"]

1. c4 d6 2. Nf3 e5 3. Nc3 f5 4. d4 e4 5. Ng5 Be7 6. Nh3 Nf6 7. Bg5 Be6 8. e3 Bf7 9. Nf4 O-O 10. h4 c6 11. Be2 Nbd7 12. h5 h6 13. Bxf6 Nxf6 14. O-O a6 15. a4 a5 16. b3 Qb6 17. Rc1 Rac8 18. Qd2 Rfd8 19. Rfd1 d5 20. cxd5 cxd5 21. Nb5 Bb4 22. Qb2 Be8 23. Rxc8 Rxc8 24. Rc1 Bc6 25. Ng6 Re8 26. Ne5 Re6 27. Nc3 Be8 28. Na2 Bxh5 29. Bxh5 Nxh5 30. Rc8+ Kh7 31. Qe2 Nf6 32. Nxb4 Qxb4 33. Qb5 Qe1+ 34. Kh2 Rxe5 35. dxe5 Ng4+ 36. Kh3 Qh1+ 0-1


[Site "https://www.chess.com"]

[Event "Titled Tuesday Blitz May 9 Late 2023"]
[White "Kollars, Dmitrij"]
[Black "Papasimakopoulos, Alexandros"]
[WhiteFideId "12909572"]
[BlackFideId "4244125"]
[WhiteElo "2584"]
[BlackElo "2359"]
[Result "1-0"]
[Round "06"]
[TimeControl "180+2"]
[Date "2023.05.09"]
[WhiteClock "0:01:09"]
[BlackClock "0:00:15"]

1. e4 e6 2. d4 d5 3. Nc3 Bb4 4. Ne2 Nc6 5. a3 Ba5 6. exd5 exd5 7. g3 Nge7 8. Bg2 Bf5 9. O-O Qd7 10. Re1 Bh3 11. Bxh3 Qxh3 12. b4 Bb6 13. Nxd5 O-O-O 14. Nxe7+ Nxe7 15. c4 c6 16. a4 Qg4 17. c5 Bc7 18. b5 h5 19. Bf4 Nd5 20. Bxc7 Kxc7 21. bxc6 bxc6 22. Qd2 Kb7 23. Nc3 Nxc3 24. Qxc3 Qxd4 25. Re7+ Ka8 26. Rxa7+ Kxa7 27. Qa5+ Kb7 28. Qb6+ Ka8 29. Qa6+ Kb8 30. Rb1+ Kc7 31. Qb7# 1-0


[Site "https://www.chess.com"]